 Dungeon Crawl Stone Soup version 0.29-a0-43-g62a80824bf (webtiles) character file.

Game seed: 8475517466250333458

266 porpoise the Skirmisher (level 6, -2/52 HPs)
             Began as a Demonspawn Warper on Feb 3, 2022.
             Was an Initiate of Nemelex Xobeh.
             Slain by Edmund (6 damage)
             ... on level 4 of the Dungeon.
             The game lasted 00:09:04 (3222 turns).

porpoise the Skirmisher (Demonspawn Warper)         Turns: 3222, Time: 00:09:04

Health: -2/52      AC:  6    Str: 15    XL:     6   Next: 0%
Magic:  9/9        EV:  9    Int: 15    God:    Nemelex Xobeh [......]
Gold:   97         SH:  0    Dex: 12    Spells: 7/9 levels left

rFire   . . .      SeeInvis .   a - +9 mace "Ulohig" {elec, Str+2}
rCold   . . .      Faith    .   (no shield)
rNeg    . . .      Spirit   .   y - +0 scale mail
rPois   .          Reflect  .   (no helmet)
rElec   .          Harm     .   (no cloak)
rCorr   .          Rampage  .   (no gloves)
Will    .....                   (no boots)
Stlth   ..........              (no amulet)
HPRegen 0.17/turn               (no ring)
MPRegen 0.11/turn               (no ring)

@: no status effects
A: demonic touch 2
a: Renounce Religion, Draw Escape, Draw Destruction, Draw Summoning


You were on level 4 of the Dungeon.
You worshipped Nemelex Xobeh.
Nemelex Xobeh was noncommittal.
You visited 2 branches of the dungeon, and saw 5 of its levels.

You collected 97 gold pieces.

Inventory:

Hand Weapons
 a - the +9 mace "Ulohig" (weapon) {elec, Str+2}
   (You took it off a goblin on level 3 of the Dungeon)

   It occasionally discharges a powerful burst of electricity upon striking a
   foe.
   Str:       It affects your strength (+2).
 b - a +0 hunting sling
 A - a +0 spear
Missiles
 d - 5 boomerangs of dispersal (quivered)
 o - 47 arrows
 p - 19 sling bullets
 v - 20 stones
 x - 7 poisoned darts
Armour
 f - an orb of light
 l - a +0 leather armour
 t - an orb of mayhem
 y - a +0 scale mail (worn)
Jewellery
 j - an amulet of magic regeneration
Scrolls
 c - a scroll of blinking
 h - 5 scrolls of teleportation
 n - a scroll of silence {unknown}
 q - 2 scrolls of amnesia {unknown}
 r - 2 scrolls of identify {unknown}
 s - a scroll of enchant weapon {unknown}
 z - a scroll of torment {unknown}
Potions
 e - a potion of heal wounds {unknown}
 g - a potion of degeneration {unknown}
 i - a potion of might {unknown}
 k - a potion of mutation {unknown}
 m - a potion of lignification {unknown}
 u - a potion of curing
 w - a potion of haste {unknown}


   Skills:
 + Level 5.7 Fighting
 * Level 1.8 Maces & Flails
 - Level 2.0 Polearms
 - Level 0.8 Throwing
 - Level 0.8 Armour
 - Level 1.7 Dodging
 - Level 2.0 Spellcasting
 - Level 2.6 Translocations
 + Level 0.7 Invocations


You had 7 spell levels left.
You knew the following spells:

 Your Spells              Type           Power      Damage    Failure   Level
k - Blink                 Tloc           18%        N/A       41%         2

Your spell library contained the following spells:

 Spells                   Type           Power      Damage    Failure   Level
 Gell's Gravitas          Tloc           9%         N/A       65%         3
 Lesser Beckoning         Tloc           9%         N/A       65%         3
 Teleport Other           Tloc           9%         N/A       65%         3
 Corpse Rot               Necr/Air       2%         N/A       80%         2
 Poisonous Vapours        Pois/Air       2%         N/A       80%         2
 Manifold Assault         Tloc           9%         N/A       100%        5


Dungeon Overview and Level Annotations

Branches:
Dungeon (4/15)             Temple (1/1) D:4

Altars:
Ashenzari
Cheibriados
Dithmenos
Elyvilon
Fedhas
Gozag
Hepliaklqana
Kikubaaqudgha
Makhleb
Nemelex Xobeh
Okawaru
Qazlal
Ru
Sif Muna
Trog
Uskayaw
Vehumet
Xom
Yredelemnul
Zin
The Shining One

Annotations:
D:4 Edmund


Innate Abilities, Weirdness & Mutations

Your touch may inflict irresistible damage on your foes.


Message History

Okay, then.
You feel stronger.
You hear the crackle of electricity.
a - the +9 mace "Ulohig" (weapon)
{elec, Str+2} Edmund closely misses you.
You barely miss Edmund. Edmund hits you but does no damage.
You sock Edmund!
Edmund is moderately wounded.
Edmund barely misses you.
You hit Edmund.
Edmund is moderately wounded.
Edmund barely misses you. Edmund closely misses you.
You hit Edmund.
Edmund is moderately wounded.
Edmund asks, "Have you met my wondrous brother?"
Edmund barely misses you.
You sock Edmund! You punch Edmund, but do no damage.
Edmund is heavily wounded.
Edmund hits you with a +2 flail of holy wrath!
You convulse.
You sock Edmund!
Edmund is severely wounded.
Edmund hits you with a +2 flail of holy wrath.
You convulse!
Edmund hits you with a +2 flail of holy wrath!
You convulse!
* * * LOW HITPOINT WARNING * * *
You barely miss Edmund.
You touch Edmund.
Edmund is severely wounded.
Edmund says, "Everyone always remembers my brother. 'Who's Edmund?' they ask!"
Edmund hits you with a +2 flail of holy wrath.
* * * LOW HITPOINT WARNING * * *
You convulse.
* * * LOW HITPOINT WARNING * * *
It was a potion of curing.
You feel better.
Edmund hits you with a +2 flail of holy wrath!
* * * LOW HITPOINT WARNING * * *
You convulse.
You die...
Your body disappears without a glow.

......#
#.####.....#
#.....<...# #+#
##########.##
#.# .. # #.# .#
##.##.# .
####...#.##...#
#......@.....#
...##...#@#####
##.##.# #.# .#
#.# .. #.# ##
#####.# #.....#
##.8.#.#


You could see Edmund.

Vanquished Creatures
  A bullfrog (D:3)
  3 hounds
  3 adders
  2 adder skeletons (D:4)
  A dart slug (D:3)
  2 orcs
  7 ball pythons
  4 endoplasms
  6 giant cockroaches
  7 goblins
  8 hobgoblins
  6 jackals
  2 quokkas
  4 bats
  4 frilled lizards
  5 kobolds
  3 rats
68 creatures vanquished.

Notes
Turn   | Place    | Note
-------+----------+-------------------------------------------
     0 | D:1      | porpoise the Demonspawn Warper began the quest for the Orb.
     0 | D:1      | Reached XP level 1. HP: 16/16 MP: 3/3
   328 | D:1      | Gained mutation: Your touch may inflict minor irresistible
                  | damage on your foes. [demonic ancestry]
   328 | D:1      | Reached XP level 2. HP: 22/23 MP: 5/5
   457 | D:1      | Reached skill level 3 in Fighting
  1012 | D:2      | Reached XP level 3. HP: 17/29 MP: 6/6
  1393 | D:2      | Reached skill level 4 in Fighting
  1491 | D:2      | Found a faded altar of an unknown god.
  1786 | D:3      | Reached XP level 4. HP: 33/37 MP: 7/7
  1833 | D:3      | Learned a level 2 spell: Blink
  2250 | D:3      | Reached skill level 5 in Fighting
  2250 | D:3      | Gained mutation: Your touch may inflict irresistible damage
                  | on your foes. [demonic ancestry]
  2250 | D:3      | Reached XP level 5. HP: 33/44 MP: 8/8
  2391 | D:3      | Identified the +9 mace "Ulohig" {elec, Str+2}
  2599 | D:3      | Reached skill level 1 in Maces & Flails
  2755 | D:4      | Found a staircase to the Ecumenical Temple.
  2785 | Temple   | Entered the Ecumenical Temple
  3064 | Temple   | Became a worshipper of Nemelex Xobeh the Trickster
  3162 | D:4      | Reached XP level 6. HP: 50/52 MP: 9/9
  3213 | D:4      | Noticed Edmund
  3222 | D:4      | Slain by Edmund

Illustrated notes

Levels and vault maps discovered:
D:1:      evilmike_arrival_crescent, layout_rooms
D:2:      minmay_inner_zag, layout_rooms, ebering_ecumenical_altar_hall
D:3:      layout_rooms
D:4:      layout_loops_corners, minmay_temple_entry_statues_pillars,
          corexii_checkpoint_a, minivault_1, uniq_edmund
Temple:   mainiacjoe_temple_hex_bubbles

Skill      XL: |  1  2  3  4  5 |
---------------+----------------+-----
Polearms       | 2 |  2.0
Fighting       | 3 4 5 |  5.7
Maces & Flails | 1 |  1.8
Throwing       | |  0.8
Armour         | |  0.8
Dodging        | |  1.7
Spellcasting   | |  2.0
Translocations | |  2.6
Invocations    | |  0.7

Action                   |  1- 3 |  4- 6 || total
-------------------------+-------+-------++-------
Melee: Spear             |   145 |    54 ||   199
       Punch             |     2 |     3 ||     5
       Touch             |    28 |    12 ||    40
       Mace              |       |    28 ||    28
 Fire: Hunting sling     |       |    13 ||    13
  Use: Scroll            |       |     1 ||     1
       Potion            |       |     1 ||     1
Armor: Leather armour    |    25 |       ||    25
       Scale mail        |       |    34 ||    34
Dodge: Dodged            |    56 |    36 ||    92

Table legend: (Time is in decaauts)
 A = Elapsed time spent in this place.
 B = Non-inter-level travel time spent in this place.
 C = Inter-level travel time spent in this place.
 D = Time resting spent in this place.
 E = Time spent auto-exploring this place.
 F = Levels seen in this place.
 G = Mean time per level.
                   A        B        C        D        E       F      G
               +--------+--------+--------+--------+--------+-----+--------+
         Total |   3227 |   3062 |    165 |    973 |   1514 |   5 |  645.4 |
       Dungeon |   2919 |   2823 |     96 |    973 |   1281 |   4 |  729.8 |
        Temple |    307 |    238 |     69 |      0 |    233 |   1 |  307.0 |
               +--------+--------+--------+--------+--------+-----+--------+

Top non-repeatable levels by time:
     D:3: 1038 daAuts
     D:2: 900 daAuts
     D:1: 836 daAuts
  Temple: 307 daAuts
     D:4: 144 daAuts
